 Dungeon Crawl Stone Soup version 0.28.0-43-g3370ac3207 (webtiles) character file.

Game seed: 8267376708323724535

278 issech the Cudgeller (level 6, 0/61 HPs)
             Began as a Troll Monk on Mar 26, 2022.
             Slain by Menkaure (20 damage)
             ... on level 4 of the Dungeon.
             The game lasted 00:10:07 (2699 turns).

issech the Cudgeller (Troll Monk)                   Turns: 2699, Time: 00:10:08

Health: 0/61       AC:  4    Str: 20    XL:     6   Next: 5%
Magic:  5/5        EV: 10    Int:  6    God:
Gold:   162        SH:  0    Dex: 14    Spells: 5/5 levels left

rFire   . . .      SeeInvis .   k - +0 flail
rCold   . . .      Faith    .   (no shield)
rNeg    . . .      Spirit   .   b - +0 robe
rPois   .          Reflect  .   (helmet restricted)
rElec   .          Harm     .   (no cloak)
rCorr   +          Rampage  .   (gloves unavailable)
Will    .....                   (boots unavailable)
Stlth   ++........              (no amulet)
HPRegen 1.00/turn               e - ring of resist corrosion
MPRegen 0.09/turn               g - ring of flight

@: flying
A: large, unfitting armour, claws 3, regeneration 1, shaggy fur 1, tough skin 1
a: no special abilities


You were on level 4 of the Dungeon.
You visited 1 branch of the dungeon, and saw 4 of its levels.

You collected 162 gold pieces.

Inventory:

Hand Weapons
 a - a +0 mace
 k - a +0 flail (weapon)
 p - a +0 shortbow
Missiles
 c - 99 stones (quivered)
 d - 66 arrows
 h - 13 bolts
 o - 19 sling bullets
Armour
 b - a +0 robe (worn)
Jewellery
 e - a ring of resist corrosion (left claw)
 g - a ring of flight (right claw)
 l - an amulet of faith
Wands
 u - a wand of digging (3)
Scrolls
 f - a scroll of teleportation {unknown}
 i - a scroll of immolation {unknown}
 m - a scroll of brand weapon {unknown}
 n - 2 scrolls of fear {unknown}
 t - a scroll of identify {unknown}
Potions
 j - 2 potions of might {unknown}
 q - a potion of mutation {unknown}
 r - 2 potions of flight {unknown}
 s - a potion of brilliance {unknown}


   Skills:
 + Level 3.2 Fighting
 + Level 4.9 Maces & Flails
 + Level 3.2 Dodging
 + Level 1.4 Stealth


You had 5 spell levels left.
You didn't know any spells.
Your spell library was empty.

Dungeon Overview and Level Annotations

Branches:
Dungeon (4/15)
 Temple: D:4-7

Altars:
Qazlal
Sif Muna
Wu Jian
Xom

Annotations:
D:4 Menkaure


Innate Abilities, Weirdness & Mutations

You are too large for most types of armour.
You have claws for hands.
Your natural rate of healing is unusually fast.
You are covered in fur. (AC +1)
You have tough skin. (AC +1)


Message History

HP restored.
You fly downwards.
Level annotation: Menkaure
There is a stone staircase leading up here.
Menkaure calls on the powers of darkness!
Your body is wracked with pain!
There is a stone staircase leading up here.
Your library has no spells.
Menkaure mumbles some strange words.
Menkaure seems to speed up.
You fly upwards.
There is a stone staircase leading down here.
You start resting.
HP restored.
You fly downwards.
Level annotation: Menkaure
There is a stone staircase leading up here.
There is a stone staircase leading up here.
There is a shaft here.
You hit Menkaure.
Menkaure is lightly damaged.
Menkaure misses you.
You closely miss Menkaure.
Menkaure is lightly damaged.
Menkaure hits you.
You barely miss Menkaure.
Menkaure is lightly damaged.
Menkaure gestures wildly while chanting.
Menkaure seems to speed up.
You hit Menkaure but do no damage.
Menkaure is lightly damaged.
Menkaure calls on the powers of darkness!
Your body is wracked with pain!
The quokka convulses!
Menkaure misses you.
You barely miss Menkaure.
Menkaure is lightly damaged.
Menkaure hits you! The quokka misses you.
You hit Menkaure but do no damage.
Menkaure is lightly damaged.
Menkaure closely misses you. The quokka closely misses you. Menkaure hits you!!
You die...

#.##)# ##.## #...)####...#
########........#
#<.M...#........####
#.####.#...M.......###
####.####^####.#.........
####.......#.# #.##...?.##
.........#.#M# #.##..####
##...##...r@.# #.M...#
#..r##......## ###...#
#.r..........# #...#
......##).....# #...#
....#.##...#..## #...#
........).###..####...#####.
....#.##.#.#................
. ... #.................!...
... #.....................


You could see Menkaure (fast) and a quokka.

Vanquished Creatures
  A hound (D:4)
  Jessica (D:3)
  Natasha (thrice) (D:3)
  3 gnolls (D:4)
  5 adders
  A worm (D:2)
  2 dart slugs
  An orc (D:4)
  6 ball pythons
  7 endoplasms
  4 giant cockroaches
  7 goblins
  7 hobgoblins
  4 jackals
  4 quokkas (D:1)
  4 bats
  4 frilled lizards (D:1)
  5 kobolds
  3 rats
72 creatures vanquished.

Notes
Turn   | Place    | Note
-------+----------+-------------------------------------------
     0 | D:1      | issech the Troll Monk began the quest for the Orb.
     0 | D:1      | Reached XP level 1. HP: 22/22 MP: 0/0
   208 | D:1      | Reached XP level 2. HP: 29/29 MP: 1/1
   228 | D:1      | Reached skill level 3 in Maces & Flails
   500 | D:1      | Found a faded altar of an unknown god.
   567 | D:1      | Reached XP level 3. HP: 36/36 MP: 2/2
  1376 | D:2      | Found a shimmering altar of Xom.
  1714 | D:3      | Found a stormy altar of Qazlal.
  1741 | D:3      | Found a shimmering blue altar of Sif Muna.
  1869 | D:3      | Reached XP level 4. HP: 44/44 MP: 3/3
  1948 | D:3      | Noticed Jessica
  1951 | D:3      | Killed Jessica
  1952 | D:3      | Reached skill level 4 in Maces & Flails
  2016 | D:3      | Noticed Natasha
  2028 | D:3      | Killed Natasha
  2053 | D:3      | Reached XP level 5. HP: 27/52 MP: 4/4
  2067 | D:3      | Found an ornate altar of the Wu Jian Council.
  2288 | D:3      | Noticed Natasha
  2312 | D:3      | Killed Natasha
  2391 | D:3      | Noticed Natasha
  2403 | D:3      | Killed Natasha
  2482 | D:4      | Noticed Menkaure
  2539 | D:4      | HP: 2/53 [ball python (1)]
  2541 | D:4      | Reached XP level 6. HP: 4/61 MP: 5/5
  2699 | D:4      | Slain by Menkaure

Illustrated notes

Levels and vault maps discovered:
D:1:      matt_arrival_grand_opening, layout_basic,
          ebering_ecumenical_altar_abandoned
D:2:      layout_basic, basic_altar
D:3:      layout_basic, mainiacjoe_overflow_paths,
          mainiacjoe_overflow_catch_the_wave, uniq_natasha, uniq_jessica
D:4:      layout_loops_cross, lemuel_round_altar, kennysheep_mini_moat,
          uniq_pikel, uniq_menkaure

Skill      XL: |  1  2  3  4  5 |
---------------+----------------+-----
Maces & Flails | 3 4 |  4.9
Dodging        | 3 |  3.2
Fighting       | 3 |  3.2
Stealth        | |  1.4

Action                   |  1- 3 |  4- 6 || total
-------------------------+-------+-------++-------
Melee: Mace              |   102 |       ||   102
       Punch             |     1 |     1 ||     2
       Flail             |    25 |    95 ||   120
 Stab: Sleeping          |     4 |       ||     4
Armor: Robe              |    60 |    41 ||   101
Dodge: Dodged            |   106 |    76 ||   182
